 Dungeon Crawl Stone Soup version 0.18.1-48-g4cf74bf (webtiles) character file.

87 boogeech the Insei (level 4, -2/38 HPs)
             Began as a Naga Transmuter on June 28, 2016.
             Slain by Natasha (7 damage)
             ... on level 1 of the Dungeon.
             The game lasted 00:08:18 (2311 turns).

boogeech the Insei (Naga Transmuter)                Turns: 2311, Time: 00:08:19

Health: -2/38      AC:  3    Str: 12    XL:     4   Next: 51%
Magic:  7/7        EV:  9    Int: 19    God:
Gold:   52         SH:  0    Dex: 12    Spells: 2 memorised, 3 levels left

rFire  . . .     SeeInvis +       - Unarmed
rCold  . . .     Gourm    .     i - +0 leather armour
rNeg   . . .     Faith    .     (no shield)
rPois  +         Spirit   .     (no helmet)
rElec  .         Dismiss  .     (no cloak)
rCorr  .         Reflect  .     h - +0 pair of gloves
SustAt .         Harm     .     (no barding)
MR     .....                    (no amulet)
Stlth  ++........               (no ring)
                                (no ring)

@: brilliant, very slow, not resistant to hostile enchantments, unstealthy
A: see invisible, deformed body, poison resistance, slowness 2, slow metabolism
1, spit poison 2, AC +1
a: Spit Poison


You were on level 1 of the Dungeon.
You were not hungry.

You visited 1 branch of the dungeon, and saw 2 of its levels.

You collected 52 gold pieces.

Inventory:

Missiles
 a - 12 arrows
 p - 47 stones (quivered)
Armour
 b - a +0 robe
 h - a +0 pair of gloves (worn)
 i - a +0 leather armour (worn)
Scrolls
 e - a scroll of identify {unknown}
 f - 2 scrolls of remove curse {unknown}
 j - a scroll of teleportation {unknown}
 m - a scroll of enchant weapon {unknown}
Potions
 o - a potion of curing {unknown}
 q - a potion of heal wounds {unknown}
Books
 c - a book of Changes

   Spells                             Type                      Level
   a - Beastly Appendage              Transmutation                1
   b - Sticks to Snakes               Transmutation                2
   c - Spider Form                    Transmutation/Poison         3
   d - Ice Form                       Ice/Transmutation            4
   e - Blade Hands                    Transmutation                5
Comestibles
 d - a bread ration
 k - a beef jerky
 l - a fruit


   Skills:
 * Level 1.5 Fighting
 + Level 0.4 Armour
 * Level 2.1 Dodging
 + Level 1.4 Stealth
 + Level 3.4 Unarmed Combat
 + Level 2.2 Spellcasting
 * Level 2.6 Transmutations
 * Level 1.3 Poison Magic


You had 3 spell levels left.
You knew the following spells:

 Your Spells              Type           Power        Failure   Level  Hunger
a - Beastly Appendage     Trmt           ###...       1%          1    #......
b - Spider Form           Trmt/Pois      ###.......   3%          3    ###....


Dungeon Overview and Level Annotations

Branches:
Dungeon (2/15)

Altars:

Annotations:
D:1 Natasha


Innate Abilities, Weirdness & Mutations

You cannot wear boots.
Your serpentine skin is tough (AC +1).
You have supernaturally acute eyesight.
Armour fits poorly on your strangely shaped body.
Your system is resistant to poisons.
You cover ground very slowly.
You have a slow metabolism.
You can spit poison.


Message History

Natasha mumbles some strange words.
Natasha's fingertips start to glow.
Natasha casts a spell.
The rat bites you but does no damage.
You closely miss Natasha.
Natasha is heavily wounded.
Natasha claws you.
* * * LOW HITPOINT WARNING * * *
The rat barely misses you. The shadow imp hits you.
* * * LOW HITPOINT WARNING * * *
You are too injured to fight recklessly!
You are too injured to fight recklessly!
You are too injured to fight recklessly!
You are too injured to fight recklessly!
You are too injured to fight recklessly!
Drink which item? (? for menu, Esc to quit)
It was a potion of brilliance.
You feel clever all of a sudden. Natasha claws you!
You die...

#.##..#.......).....#.#.≈...
#.##........#...####.#.#≈.<.
#.###.#.........# ##.#.≈≈≈≈
#...........#...# #.#.#.#.#
##########.#####.##### ##.#.#.#.
.....# #.......## #..##### ####.#
######...# ##.# #.# #.r.#
####.#### # #.## #.@5# #....[..#
####..#### #.h.# #.##.##.#
##...)...######...######.#...#.##
##.##..#.#....>......).#.##......
)..##......÷..............#.##...
##(##.##>#.............#.......##
##.##.##÷######...#######....(.##
##.##.##.# #...# ###.....#
##.......# #...# #.##.##


You could see Natasha, a shadow imp and a rat.

Vanquished Creatures
  Natasha (D:1)
  An adder (D:1)
  An ooze (D:1)
  3 dart slugs (D:1)
  5 bats (D:1)
  A giant cockroach (D:1)
  5 goblins (D:1)
  7 hobgoblins (D:1)
  3 jackals (D:1)
  8 kobolds (D:1)
  A ball python (D:1)
  3 giant newts (D:1)
  2 rats (D:1)
41 creatures vanquished.

Notes
Turn   | Place    | Note
--------------------------------------------------------------
     0 | D:1      | boogeech the Naga Transmuter began the quest for the Orb.
     0 | D:1      | Reached XP level 1. HP: 18/18 MP: 3/3
   197 | D:1      | Reached XP level 2. HP: 25/25 MP: 3/5
   601 | D:1      | Reached XP level 3. HP: 14/31 MP: 4/6
   872 | D:1      | Learned a level 3 spell: Spider Form
  1678 | D:2      | Noticed Natasha
  1687 | D:1      | Reached skill level 1 in Poison Magic
  1826 | D:1      | Reached XP level 4. HP: 23/38 MP: 0/7
  1837 | D:1      | Killed Natasha
  1837 | D:1      | Reached skill level 1 in Stealth
  2304 | D:1      | Noticed Natasha
  2311 | D:1      | Slain by Natasha

Skill      XL: |  1  2  3  4 |
---------------+-------------+-----
Dodging        | 2 |  2.1
Poison Magic   | 1 |  1.3
Stealth        | 1 |  1.4
Fighting       | |  1.5
Armour         | |  0.4
Unarmed Combat | |  3.4
Spellcasting   | |  2.2
Transmutations | |  2.6

Action                   |  1- 3 |  4- 6 || total
-------------------------+-------+-------++-------
Melee: Unarmed           |   165 |    19 ||   184
       Headbutt          |     7 |       ||     7
       Punch             |     2 |       ||     2
 Cast: Beastly Appendage |    10 |       ||    10
       Spider Form       |     1 |       ||     1
  Use: Potion            |       |     1 ||     1
  Eat: Fruit             |     1 |     1 ||     2
       Chunk             |     1 |     1 ||     2
Armor: Robe              |     3 |       ||     3
       Leather armour    |    48 |     4 ||    52
       Skin              |     2 |       ||     2
Dodge: Dodged            |    87 |    11 ||    98
